 Dungeon Crawl Stone Soup version 0.22-a0-568-g270d1ae (webtiles) character file.

93 vinnietd the Slasher (level 4, -7/35 HPs)
             Began as a Formicid Fighter on June 29, 2018.
             Killed from afar by a gnoll (14 damage)
             ... with an exploding inner flame
             ... hexed by the player character
             ... on level 3 of the Dungeon.
             The game lasted 00:03:12 (2146 turns).

vinnietd the Slasher (Formicid Fighter)             Turns: 2146, Time: 00:03:12

Health: -7/35      AC:  6    Str: 22    XL:     4   Next: 91%
Magic:  13/13      EV:  8    Int:  7    God:
Gold:   87         SH:  9    Dex: 10    Spells: 3/3 levels left

rFire    + . .     SeeInvis +   a - +0 long sword
rCold    . . .     Gourm    .   c - +0 shield
rNeg     . . .     Faith    .   p - +1 ring mail {rF+}
rPois    .         Spirit   .   (helmet unavailable)
rElec    .         Reflect  .   (no cloak)
rCorr    .         Harm     .   (no gloves)
MR       .....                  (no boots)
Stlth    ..........             (no amulet)
HPRegen  0.11/turn              d - ring of magical power
MPRegen  0.13/turn              (no ring)

@: no status effects
A: permanent stasis, dig shafts and tunnels, four strong arms, antennae 3
a: Dig, Shaft Self


You were on level 3 of the Dungeon.
You were not hungry.

You visited 1 branch of the dungeon, and saw 3 of its levels.

You collected 87 gold pieces.

Inventory:

Hand Weapons
 a - a +0 long sword (weapon)
Armour
 c - a +0 shield (worn)
 p - a +1 ring mail of fire resistance (worn)
Jewellery
 d - a ring of magical power (left hand)
Scrolls
 k - 3 scrolls of remove curse {@r2}
 l - 2 scrolls of teleportation
Potions
 e - a potion of haste
 h - a potion of lignification
 m - a potion of curing {@q1}
Comestibles
 f - 4 rations


   Skills:
 + Level 3.3 Fighting
 + Level 4.5 Long Blades
 + Level 3.3 Armour
 + Level 3.6 Shields


You had 3 spell levels left.
You didn't know any spells.
Your spell library was empty.

Dungeon Overview and Level Annotations

Branches:
Dungeon (3/15)

Altars:


Innate Abilities, Weirdness & Mutations

You cannot be hasted, slowed, berserked, paralysed or teleported.
You can dig through walls and to a lower floor.
Your four strong arms can wield two-handed weapons with a shield.
You have a pair of large antennae on your head. (SInv)


Message History

You feel resistant to fire.
The gnoll's inner flame fades away.
The gnoll hits you from afar with a halberd!
The gnoll hits you with a halberd.
* * * LOW HITPOINT WARNING * * *
Things that are here:
a whip; a gnoll corpse You hit the gnoll.
The gnoll is lightly wounded.
You block the gnoll's attack.
You hit the gnoll.
The gnoll is moderately wounded.
You feel a little less clever now. You block the gnoll's attack.
You hit the gnoll.
The gnoll is heavily wounded.
You block the gnoll's attack.
You slash the gnoll!
The gnoll explodes!
The fiery explosion engulfs you! You resist.
You die...

#....# ###'##
#.######
#.#....##########
#.#.##.#........#
#.#..#.#........#
#.####.#........#
#.#....#........#
#@#.#..#.....)..#
#ยง#.#..#........#
#g#.#..'........#
#g....##........#
#####.#####'#######
#.g..........#
#.####.####### #.#
#.# #g#
#.#************


You could see 2 gnolls.

Vanquished Creatures
  An iguana (D:2)
  A gnoll (D:3)
  An adder (D:2)
  An ooze (D:3)
  A worm (D:3)
  2 dart slugs (D:2)
  2 leopard geckos (D:2)
  4 bats
  2 giant cockroaches (D:1)
  4 goblins
  5 hobgoblins
  6 frilled lizards
  4 kobolds
  5 rats
39 creatures vanquished.

Notes
Turn   | Place    | Note
-------+----------+-------------------------------------------
     0 | D:1      | vinnietd the Formicid Fighter began the quest for the Orb.
     0 | D:1      | Reached XP level 1. HP: 18/18 MP: 1/1
   312 | D:1      | Reached XP level 2. HP: 24/24 MP: 2/2
   489 | D:1      | Reached skill level 3 in Long Blades
   733 | D:2      | Reached XP level 3. HP: 29/29 MP: 3/3
  1098 | D:2      | Reached skill level 4 in Long Blades
  1098 | D:2      | Reached XP level 4. HP: 35/35 MP: 4/4
  2146 | D:3      | Killed from afar by a gnoll

Vault maps used:
D:1:      dpeg_arrival_leaves_temple_mockup

Skill      XL: |  1  2  3 |
---------------+----------+-----
Long Blades    | 3 4 |  4.5
Fighting       | |  3.3
Armour         | |  3.3
Shields        | |  3.6

Action                   |  1- 3 |  4- 6 || total
-------------------------+-------+-------++-------
Melee: Long sword        |    80 |    67 ||   147
  Use: Potion            |     1 |     6 ||     7
       Scroll            |       |     5 ||     5
  Eat: Chunk             |     1 |     3 ||     4
Armor: Scale mail        |    31 |    19 ||    50
       Skin              |       |    20 ||    20
       Ring mail         |       |     3 ||     3
Dodge: Dodged            |    20 |    16 ||    36
Block: Shield            |    49 |    60 ||   109
       Rpst.: Long sword |     4 |     4 ||     8

Table legend:
 A = Spawn XP
 B = Non-spawn XP
 C = Spawn XP percentage of total XP
 D = Spawn monster count
 E = Non-spawn monster count
 F = Spawn count percentage of total count
 G = Total turns spent on level
                    A         B        C        D         E        F      G
               +---------+---------+-------+---------+---------+-------+---------
         Total |       0 |     133 |   0.0 |       0 |      39 |   0.0 |  2146
               +---------+---------+-------+---------+---------+-------+---------
           D:1 |       0 |      23 |   0.0 |       0 |      15 |   0.0 |   672
           D:2 |       0 |      79 |   0.0 |       0 |      18 |   0.0 |   939
           D:3 |       0 |      31 |   0.0 |       0 |       6 |   0.0 |   535
               +---------+---------+-------+---------+---------+-------+---------
